 Dungeon Crawl Stone Soup version 0.29.1-1-gd02db6906a (webtiles) character file.

Game seed: 5526285380801150794

908 H0rd4k the Ducker (level 8, -4/61 HPs)
             Began as a Human Artificer on Sept 28, 2022.
             Slain by a gargoyle
             ... wielding a +0 mace
              (16 damage)
             ... on level 5 of the Dungeon.
             The game lasted 00:06:53 (7037 turns).

H0rd4k the Ducker (Human Artificer)                 Turns: 7037, Time: 00:06:54

Health: -4/61      AC:  2    Str: 12    XL:     8   Next: 29%
Magic:  17/17      EV: 14    Int: 20    God:
Gold:   194        SH:  0    Dex: 13    Spells: 7/7 levels left

rFire   + . .      SeeInvis +   E - +12 mace "Xoner" {drain, rPois SInv}
rCold   . . .      Faith    .   (no shield)
rNeg    . . .      Spirit   .   B - +0 robe of Pititaam {Int+5}
rPois   +          Reflect  .   (no helmet)
rElec   .          Harm     .   (no cloak)
rCorr   .          Rampage  .   (no gloves)
Will    .....                   (no boots)
Stlth   ++........              (no amulet)
HPRegen 0.20/turn               k - ring of magical power
MPRegen 0.15/turn               c - ring of protection from fire

@: no status effects
A: no striking features
a: no special abilities


You were on level 5 of the Dungeon.
You visited 1 branch of the dungeon, and saw 5 of its levels.

You collected 194 gold pieces.

Inventory:

Hand Weapons
 E - the +12 mace "Xoner" (weapon) {drain, rPois SInv}
   (You took it off a kobold on level 4 of the Dungeon)

   A truly terrible weapon, it drains the life of any living foe it strikes.
   rPois:     It protects you from poison.
   SInv:      It lets you see invisible.
 F - a +1 dagger of venom
Missiles
 q - 2 atropa-tipped darts
 y - 6 poisoned darts
Armour
 o - an orb of guile
 B - the +0 robe of Pititaam (worn) {Int+5}
   (You found it on level 3 of the Dungeon)

   Int:       It affects your intelligence (+5).
Jewellery
 a - a +4 ring of evasion
 c - a ring of protection from fire (right hand)
 i - an amulet of faith
 k - a ring of magical power (left hand)
 w - a ring of protection from fire
Wands
 d - a wand of charming (15)
 e - a wand of iceblast (13)
Scrolls
 f - 3 scrolls of amnesia {unknown}
 h - a scroll of enchant armour {unknown}
 l - a scroll of brand weapon {unknown}
 m - a scroll of vulnerability {unknown}
 r - a scroll of enchant weapon {unknown}
 s - 2 scrolls of poison {unknown}
 u - 2 scrolls of identify {unknown}
 v - a scroll of silence {unknown}
 x - 3 scrolls of immolation {unknown}
 z - 2 scrolls of teleportation {unknown}
 C - a scroll of summoning {unknown}
 D - a scroll of magic mapping {unknown}
 G - a scroll of fear {unknown}
Potions
 g - 2 potions of heal wounds
 j - a potion of haste
 n - 2 potions of curing {unknown}
 p - a potion of attraction {unknown}
 t - 2 potions of lignification {unknown}
 A - 3 potions of berserk rage {unknown}
 H - 2 potions of degeneration {unknown}


   Skills:
 + Level 4.5 Fighting
 + Level 5.3 Maces & Flails
 - Level 2.0 Armour
 + Level 5.3 Dodging
 - Level 1.0 Stealth
 - Level 3.0 Evocations


You had 7 spell levels left.
You didn't know any spells.
Your spell library contained the following spells:

 Spells                   Type           Power      Damage    Failure   Level
 Inner Flame              Hex/Fire       0%         N/A       50%         3
 Cause Fear               Hex            0%         N/A       88%         4
 Discord                  Hex            0%         N/A       100%        8


Dungeon Overview and Level Annotations

Branches:
Dungeon (5/15)
 Temple: D:4-7

Altars:
Zin

Annotations:
D:3 2 transporters, NullDivider's ghost, amateur OpVM


Message History

The jelly quivers.
The gargoyle hurls a stone arrow at you.
The stone arrow misses you. The hound completely misses you.
There are monsters nearby!
You barely miss the hound. The hound bites you but does no damage.
The gargoyle hurls a stone arrow at you.
The stone arrow misses you.
There are monsters nearby!
The hound closely misses you. The hound attacks as you move away!
The hound closely misses you. The hound attacks as you move away!
The hound barely misses you. The hound bites you.
You hit the hound. You drain the hound.
The hound is moderately wounded.
The hound barely misses you. The hound closely misses you.
You sock the hound!
You kill the hound!
You sock the jelly!
Your hands burn!
The jelly is heavily wounded.
The jelly barely misses you.
You sock the jelly!
You kill the jelly!
You hit the gargoyle.
The gargoyle is lightly damaged.
The gargoyle hurls a stone arrow at you.
The stone arrow misses you.
You closely miss the gargoyle.
The gargoyle is lightly damaged.
The gargoyle hits you with a +0 mace!
You hit the gargoyle but do no damage.
The gargoyle is lightly damaged.
The gargoyle hits you with a +0 mace. The gargoyle hits you with a +0 mace!!
You hit the gargoyle.
The gargoyle is lightly damaged.
The gargoyle hits you with a +0 mace!
* * * LOW HITPOINT WARNING * * *
You sock the gargoyle!
The gargoyle is moderately damaged.
The gargoyle hits you with a +0 mace!
You die...

#..... #.... #.... ... ...
#.# #.# #@# ##### ## . #9#
...# #.
...######.#######.#######.
....................).....
.......9#.#.###.#.#.######
........#.#.#.#.#.#.# ###
........#.#.........# #..
........#.#####.#.### #..
........#.......#.# #..


You could see a gargoyle.

Vanquished Creatures
  A black bear (D:4)
  An ogre (D:4)
  A phantom (D:5)
  A howler monkey (D:4)
  A jelly (D:5)
  3 orc priests (D:5)
  4 hounds
  An iguana (D:2)
  Jessica (D:2)
  Natasha (twice) (D:3)
  5 orc wizards
  Ijyb (D:3)
  6 adders
  3 worms
  10 orcs
  2 ball pythons
  2 bats
  6 endoplasms
  6 giant cockroaches
  6 goblins
  3 hobgoblins (D:1)
  5 jackals
  7 kobolds
  6 quokkas
  4 frilled lizards
  8 rats
96 creatures vanquished.

Vanquished Creatures (collateral kills)
  An endoplasm (D:2)
  2 goblins (D:4)
  2 jackals (D:3)
  A kobold (D:2)
6 creatures vanquished.

Vanquished Creatures (others)
  Natasha (D:3)
  An adder (D:4)
2 creatures vanquished.

Grand Total: 104 creatures vanquished

Notes
Turn   | Place    | Note
-------+----------+-------------------------------------------
     0 | D:1      | H0rd4k the Human Artificer began the quest for the Orb.
     0 | D:1      | Reached XP level 1. HP: 15/15 MP: 1/1
   354 | D:1      | Reached XP level 2. HP: 14/21 MP: 2/2
  1021 | D:1      | Reached XP level 3. HP: 14/27 MP: 3/3
  1176 | D:1      | Reached skill level 1 in Maces & Flails
  2075 | D:2      | Reached XP level 4. HP: 33/33 MP: 4/4
  2118 | D:2      | Noticed Jessica
  2167 | D:2      | Killed Jessica
  2665 | D:3      | Noticed NullDivider's ghost (amateur OpVM)
  2665 | D:3      | Found a transporter.
  2679 | D:2      | Reached XP level 5. HP: 39/39 MP: 5/5
  3128 | D:3      | Noticed Natasha
  3168 | D:3      | Your ally Natasha died
  3243 | D:3      | Noticed Natasha
  3247 | D:3      | Killed Natasha
  3254 | D:3      | Noticed Ijyb
  3256 | D:3      | Killed Ijyb
  3257 | D:3      | Noticed Natasha
  3259 | D:3      | Killed Natasha
  3260 | D:3      | Reached XP level 6. HP: 27/46 MP: 6/6
  3261 | D:3      | Found a transporter.
  4482 | D:3      | Identified the +0 robe of Pititaam {Int+5}
  4890 | D:4      | Found a glowing silver altar of Zin.
  5037 | D:4      | Noticed an ogre
  5281 | D:4      | Killed an ogre
  5431 | D:4      | Reached XP level 7. HP: 22/52 MP: 7/7
  5814 | D:4      | Identified the +12 mace "Xoner" {drain, rPois SInv}
  6240 | D:5      | Entered Level 5 of the Dungeon
  6748 | D:5      | Reached skill level 5 in Dodging
  6751 | D:5      | Reached XP level 8. HP: 51/60 MP: 8/8
  6929 | D:5      | Reached skill level 5 in Maces & Flails
  7021 | D:5      | Noticed a gargoyle
  7037 | D:5      | Slain by a gargoyle

Illustrated notes

Levels and vault maps discovered:
D:1:      lightli_arrival_flooded_house, layout_loops_cross
D:2:      layout_loops_ring, uniq_jessica
D:3:      layout_basic, gammafunk_ghost_arena, uniq_natasha, uniq_ijyb
D:4:      layout_loops_cross, lemuel_crystal_altar
D:5:      layout_basic, gup_sewer_entry_spiral, serial_shops,
          nicolae_shop_hallway_plus

Skill      XL: |  1  2  3  4  5  6  7  8 |
---------------+-------------------------+-----
Maces & Flails | 1 2 3 4 5 |  5.3
Dodging        | 2 3 4 5 |  5.3
Fighting       | 2 3 4 |  4.5
Armour         | |  2.0
Stealth        | |  1.0
Evocations     | |  3.0

Action                   |  1- 3 |  4- 6 |  7- 9 || total
-------------------------+-------+-------+-------++-------
Melee: Club              |   130 |   211 |    23 ||   364
       Punch             |     2 |     4 |     2 ||     8
       Mace              |       |       |    61 ||    61
Evoke: Wand              |     3 |    36 |     3 ||    42
  Use: Potion            |       |     1 |       ||     1
 Stab: Sleeping          |     2 |     1 |       ||     3
Armor: Leather armour    |    36 |    52 |       ||    88
       Robe              |       |    19 |     6 ||    25
Dodge: Dodged            |    98 |   187 |    71 ||   356
